 Dungeon Crawl Stone Soup version 0.26-a0-665-gefeb406 (webtiles) character file.

Game seed: 855012455793683977

42835 Mopster the Severer (level 13, -2/117 HPs)
             Began as a Minotaur Berserker on Oct 13, 2020.
             Was a High Priest of Trog.
             Slain by a five-headed hydra (8 damage)
             ... on level 6 of the Lair of Beasts on Oct 14, 2020.
             The game lasted 01:46:46 (17761 turns).

Mopster the Severer (Minotaur Berserker)           Turns: 17761, Time: 01:46:46

Health: -2/117     AC: 18    Str: 27    XL:     13   Next: 87%
Magic:  0/12       EV: 10    Int:  4    God:    Trog [*****.]
Gold:   2434       SH:  0    Dex: 10    Spells: 12/12 levels left

rFire    + . .     SeeInvis .   j - +3 battleaxe (vamp)
rCold    . . .     Faith    .   (shield currently unavailable)
rNeg     . . .     Spirit   +   P - +0 plate armour
rPois    .         Reflect  .   (helmet restricted)
rElec    .         Harm     .   J - scarf {+Inv}
rCorr    .         Rampage  .   L - +0 pair of gloves
MR       +++..                  (no boots)
Stlth    ..........             E - amulet of guardian spirit
HPRegen  1.29/turn              t - ring of protection from fire
MPRegen  0.13/turn              C - ring of protection from magic

@: lethally poisoned (-2 -> -2), berserk cooldown, regenerating, slowed, very
slow
A: retaliatory headbutt, horns 2, no potion heal 1
a: Berserk, Trog's Hand, Brothers in Arms, Renounce Religion, Evoke Invisibility


You were on level 6 of the Lair of Beasts.
You worshipped Trog.
Trog was extremely pleased with you.
You visited 2 branches of the dungeon, and saw 19 of its levels.
You also visited: Sewer and Volcano.

You collected 2434 gold pieces.

Inventory:

Hand Weapons
 a - a +5 executioner's axe of flaming
 j - a +3 vampiric battleaxe (weapon)
 Q - a +0 triple sword
 T - the cursed +1 great sword of War {vorpal, rC- MR++ Str+4, unknown}
   (You found it on level 1 of the Lair of Beasts)

   It inflicts extra damage upon your enemies.
   It affects your strength (+4).
   It makes you vulnerable to cold.
   It affects your resistance to hostile enchantments.
   It has a curse placed upon it.
 Y - a +0 battleaxe of flaming
Armour
 d - +0 fire dragon scales
 f - a +0 ring mail of magic resistance
 B - a +0 kite shield
 J - a scarf of invisibility (worn)
 L - a +0 pair of gloves (worn)
 P - a +0 plate armour (worn)
 R - +0 steam dragon scales
Jewellery
 t - a ring of protection from fire (left hand)
 x - an uncursed ring of ice
 C - a ring of protection from magic (right hand)
 E - an amulet of guardian spirit (around neck)
 F - an uncursed ring of flight
 N - an uncursed ring of fire {unknown}
Wands
 q - a wand of digging (9)
 s - a wand of acid (9)
 v - a wand of flame (46)
 y - a wand of polymorph (13)
 S - a wand of enslavement (7)
Scrolls
 b - 3 scrolls of immolation
 k - 2 scrolls of fog
 l - 3 scrolls of identify
 m - 2 scrolls of magic mapping
 p - a scroll of teleportation
 r - 3 scrolls of enchant armour
 w - a scroll of holy word
 G - a scroll of torment
 H - 8 scrolls of remove curse
 I - a scroll of brand weapon
Potions
 c - 7 potions of haste
 e - 4 potions of mutation
 g - 14 potions of curing
 n - a potion of resistance {unknown}
 o - a potion of lignification {unknown}
 u - 2 potions of heal wounds
 z - a potion of invisibility {unknown}
 A - 2 potions of might {unknown}
 D - a potion of cancellation {unknown}
 K - 4 potions of brilliance
 M - 2 potions of stabbing {unknown}
 X - a potion of berserk rage {unknown}


   Skills:
 * Level 11.6 Fighting
 + Level 15.4 Axes
 * Level 15.3 Armour
 * Level 5.2 Dodging
 - Level 1.1 Stealth
 * Level 10.6 Shields
 - Level 7.0 Evocations


You had 12 spell levels left.
You didn't know any spells.
Your spell library contained the following spells:

 Spells                   Type           Power        Failure   Level
 Freeze                   Ice            #...         98%         1
 Magic Dart               Conj           #...         98%         1
 Blink                    Tloc           N/A          99%         2
 Call Imp                 Summ           #.......     99%         2
 Slow                     Hex            #.......     99%         2
 Conjure Flame            Conj/Fire      #.......     100%        3
 Frozen Ramparts          Ice            #.....       100%        3
 Mephitic Cloud           Conj/Pois/Air  #.......     100%        3
 Ozocubu's Armour         Ice            #.......     100%        3
 Hailstorm                Conj/Ice       #.......     100%        4
 Summon Ice Beast         Ice/Summ       #.......     100%        4


Dungeon Overview and Level Annotations

Branches:
Dungeon (13/15)            Temple (0/1) D:6            Lair (6/6) D:10
 Shoals (0/4) Lair:2       Spider (0/4) Lair:4        Slime (0/5) Lair:5
    Orc (0/2) D:9           Sewer (visited)         Volcano (visited)
 Vaults: D:13-14

Altars:
Kikubaaqudgha
Nemelex Xobeh
Qazlal
Wu Jian
Zin
Jiyva

Shops:
D:11 [   D:13 [


Innate Abilities, Weirdness & Mutations

You reflexively headbutt those who attack you in melee.
You have a pair of horns on your head.
Potions are less effective at restoring your health.


Message History

The elephant trumpets!
A five-headed hydra comes into view.
The five-headed hydra roars!
You hear a bleat!
You hear a trumpeting!
You hear a bleat!
You hear an angry hiss.
You hear a shout!
An elephant comes into view. x3
A water moccasin comes into view.
The water moccasin hisses angrily.
You feel a strong urge to attack something.
An elephant comes into view.
The elephant tramples you.
* * * LOW HITPOINT WARNING * * *
You stumble backwards!
The elephant moves out of view.
You are no longer berserk.
You are exhausted.
You feel yourself slow down.
The yak bellows! x3
The five-headed hydra bites you.
* * * LOW HITPOINT WARNING * * *
The five-headed hydra bites you!
You die...

#/...####.## ####..Y(.
##.....P....###....Y...
.............##.......
P.........Y.......#..#.
...#...Y.........P.#...
#...Y..†.Y.Y........
##.........Y.Y...#..
............YYY.D.......
............Y..@.S......
.........^..†#.###...Y..
.....#..#....### ....Y.
...#..................Y.
.......................#
...##.................#.
#......#........P.
.##...P ..#.... .....
.#...P.


You could see a five-headed hydra, 12 elephants, 3 yaks and a water moccasin.

Vanquished Creatures
  Josephine (D:10)
  Harold (D:8)
  The ghost of Grijm the Blocker, a journeyman OpWn of Cheibriados (Lair:2)
  5 hydras
  The ghost of FromWork the Martial Artist, a journeyman OpBe of Trog (D:10)
  2 two-headed ogres (D:10)
  3 death yaks (Lair:4)
  2 deep elf magi
  An ugly thing (D:12)
  An oklob plant (Lair:1)
  8 elephants (Lair:5)
  Joseph (D:8)
  5 black mambas
  Psyche (D:8)
  A molten gargoyle (Volcano)
  A gargoyle (Volcano)
  10 cane toads
  12 rime drakes
  4 komodo dragons
  The ghost of Violenta the Magician, a novice DEFE of Ashenzari (D:6)
  A jumping spider (Lair:4)
  A raiju (Lair:6)
  3 blink frogs (Lair:4)
  5 wraiths
  A redback (Lair:4)
  21 yaks
  2 basilisks (Lair:3)
  7 wyverns
  The ghost of Pennywort the Chopper, an amateur DsBe of Trog (D:3)
  A basilisk (shapeshifter) (D:12)
  10 steam dragons
  16 water moccasins
  An acid dragon (Lair:3)
  Purgy (Sewer)
  2 hell hounds (Lair:6)
  Duvessa (D:4)
  A necrophage (D:10)
  5 orc warriors
  A black bear (D:11)
  2 ice beasts
  5 ogres
  2 sky beasts
  11 wolves
  9 centaurs
  14 bullfrogs
  2 wyvern skeletons
  Dowan (D:4)
  6 scorpions
  8 killer bees
  4 electric eels (Lair:2)
  2 wights (D:6)
  7 howler monkeys
  3 bullfrog zombies
  2 centaur skeletons
  2 quasits
  3 centaur zombies
  2 bullfrog skeletons
  5 hounds
  2 jellies
  5 orc wizards
  A gnoll shaman (D:6)
  3 orc priests
  3 iguanas
  6 hell rats (Lair:5)
  A worker ant (D:12)
  2 hound skeletons
  3 hound zombies
  Robin (D:2)
  18 adders
  7 gnolls
  5 river rats
  A shadow imp (D:5)
  5 white imps
  2 ufetubi
  2 oozes
  An adder skeleton (D:6)
  An adder zombie (D:7)
  5 worms
  2 dart slugs
  4 leopard geckos
  46 orcs
  3 ball pythons
  4 bats
  5 giant cockroaches
  14 goblins
  11 hobgoblins
  2 jackals (D:7)
  3 quokkas
  6 frilled lizards
  7 kobolds
  2 quokka skeletons
  A quokka zombie (D:5)
  19 rats
  A bush (D:9)
437 creatures vanquished.

Vanquished Creatures (collateral kills)
  Erica (D:8)
  A two-headed ogre (D:8)
  An oklob plant (Lair:1)
  3 elephants (Lair:6)
  A raiju (Lair:6)
  A water moccasin (Lair:6)
  A hell hound (Lair:6)
  A wight (D:6)
  A giant cockroach (D:8)
11 creatures vanquished.

Vanquished Creatures (others)
  17 fungi
  62 plants
  3 toadstools (D:8)
82 creatures vanquished.

Grand Total: 530 creatures vanquished

Notes
Turn   | Place    | Note
-------+----------+-------------------------------------------
     0 | D:1      | Mopster the Minotaur Berserker began the quest for the Orb.
     0 | D:1      | Reached XP level 1. HP: 19/19 MP: 0/0
   147 | D:1      | Reached XP level 2. HP: 16/27 MP: 1/1
   602 | D:1      | Reached ** piety under Trog
   946 | D:2      | Reached XP level 3. HP: 32/33 MP: 2/2
  1029 | D:2      | Noticed Robin
  1046 | D:2      | Killed Robin
  1071 | D:2      | Reached XP level 4. HP: 31/41 MP: 3/3
  1138 | D:2      | Found an ancient bone altar of Kikubaaqudgha.
  1458 | D:3      | Reached skill level 5 in Axes
  1459 | D:3      | Reached XP level 5. HP: 12/47 MP: 4/4
  1845 | D:3      | Reached skill level 5 in Fighting
  1854 | D:3      | Reached *** piety under Trog
  2371 | D:3      | Reached XP level 6. HP: 56/56 MP: 5/5
  2430 | D:3      | Found a large runed translucent door.
  2430 | D:3      | Found a large runed translucent door.
  2431 | D:3      | Noticed Pennywort's ghost (amateur DsBe)
  2440 | D:3      | Killed Pennywort's ghost
  2655 | D:4      | Noticed Duvessa
  2655 | D:4      | Noticed Dowan
  2667 | D:4      | Killed Dowan
  2671 | D:4      | Killed Duvessa
  2671 | D:4      | Reached XP level 7. HP: 62/62 MP: 6/6
  2981 | D:5      | Entered Level 5 of the Dungeon
  3092 | D:5      | Reached skill level 5 in Armour
  3388 | D:5      | Reached XP level 8. HP: 15/71 MP: 7/7
  3657 | D:5      | Found a sparkling altar of Nemelex Xobeh.
  4116 | D:6      | Found a glowing drain.
  4120 | D:6      | Reached **** piety under Trog
  4133 | Sewer    | Entered a sewer
  4164 | Sewer    | Noticed Purgy
  4176 | Sewer    | Killed Purgy
  4381 | D:6      | Reached skill level 10 in Axes
  4589 | D:6      | Reached XP level 9. HP: 79/79 MP: 8/8
  4753 | D:6      | Found a staircase to the Ecumenical Temple.
  4850 | D:6      | Found a runed translucent door.
  4851 | D:6      | Noticed Violenta's ghost (novice DEFE)
  4864 | D:6      | Killed Violenta's ghost
  4864 | D:6      | Reached skill level 1 in Shields
  5105 | D:7      | Reached skill level 1 in Evocations
  5377 | D:7      | Found an ornate altar of the Wu Jian Council.
  5555 | D:7      | Noticed a deep elf mage
  5563 | D:7      | Killed a deep elf mage
  5862 | D:7      | Reached ***** piety under Trog
  5976 | D:8      | Noticed Joseph
  5992 | D:8      | Noticed Erica
  6003 | D:8      | Noticed a two-headed ogre
  6004 | D:8      | Killed Joseph
  6004 | D:8      | Reached XP level 10. HP: 69/90 MP: 9/9
  6015 | D:8      | Killed a two-headed ogre
  6017 | D:8      | Killed Erica
  6019 | D:8      | Noticed Psyche
  6025 | D:8      | Killed Psyche
  6293 | D:8      | Noticed Harold
  6322 | D:8      | Killed Harold
  6322 | D:8      | Reached skill level 10 in Armour
  6322 | D:8      | Reached skill level 5 in Shields
  7470 | D:9      | Found a staircase to the Orcish Mines.
  7576 | D:9      | Found a stormy altar of Qazlal.
  7576 | D:9      | Found a glowing silver altar of Zin.
  7993 | D:10     | Entered Level 10 of the Dungeon
  8038 | D:10     | Reached XP level 11. HP: 97/97 MP: 10/10
  8039 | D:10     | Found a staircase to the Lair.
  8040 | D:10     | Noticed a two-headed ogre
  8073 | D:10     | Killed a two-headed ogre
  8112 | D:10     | Found a runed translucent gate.
  8114 | D:10     | Noticed FromWork's ghost (journeyman OpBe)
  8115 | D:10     | Found a runed translucent gate.
  8207 | D:10     | Noticed a two-headed ogre
  8224 | D:10     | Killed a two-headed ogre
  8518 | D:10     | Found a runed translucent gate.
  8519 | D:10     | Noticed a nine-headed hydra
  8828 | D:10     | Killed a 12-headed hydra
  8835 | D:10     | Killed FromWork's ghost
  9543 | D:11     | Gained mutation: Potions are less effective at restoring
                  | your health. [mutagenic glow]
  9620 | D:11     | You fall into a shaft and drop 2 floors!
  9624 | D:13     | Noticed a red ugly thing
  9627 | D:13     | Noticed a deep elf mage
  9645 | D:13     | Found Miuph's Armour Emporium.
  9688 | D:12     | Noticed a white ugly thing
  9701 | D:12     | Killed a white ugly thing
  9756 | D:12     | Reached skill level 5 in Evocations
  9879 | D:12     | Noticed a deep elf mage
  9899 | D:12     | Killed a deep elf mage
 10171 | D:11     | Found Curoepn's Antique Armour Shoppe.
 10177 | D:11     | Got a steaming glaive
 10475 | D:10     | Noticed Josephine
 10481 | D:10     | Killed Josephine
 10481 | D:10     | Reached XP level 12. HP: 106/106 MP: 11/11
 10586 | Lair:1   | Entered Level 1 of the Lair of Beasts
 10842 | Lair:1   | Noticed a seven-headed hydra
 10854 | Lair:1   | Killed a seven-headed hydra
 11151 | Lair:1   | Reached skill level 10 in Fighting
 11160 | Lair:1   | Got a masterwork great sword
 11509 | Lair:1   | Found the +8 whip "Snakebite" {curare, rPois}
 12134 | Lair:2   | Noticed a six-headed hydra
 12148 | Lair:2   | Killed a nine-headed hydra
 12169 | Lair:2   | Noticed Grijm's ghost (journeyman OpWn)
 12178 | Lair:2   | Found a dark tunnel.
 12190 | Volcano  | Entered a volcano
 12659 | Lair:2   | Found a staircase to the Shoals.
 13000 | Lair:2   | HP: 5/106 [poisoned by a black mamba]
 13005 | Lair:2   | HP: 3/106 [poisoned by a black mamba]
 13011 | Lair:2   | HP: 2/106 [poisoned by a black mamba]
 13016 | Lair:2   | HP: 2/106 [poisoned by a black mamba]
 13425 | Lair:2   | Found a runed translucent door.
 13453 | Lair:2   | Killed Grijm's ghost
 14847 | Lair:3   | Reached XP level 13. HP: 114/114 MP: 9/12
 14867 | Lair:3   | Reached skill level 1 in Stealth
 15631 | Lair:4   | Reached skill level 10 in Shields
 16071 | Lair:4   | Received a gift from Trog
 16285 | Lair:4   | Found a hole to the Spider Nest.
 16538 | Lair:5   | Reached skill level 15 in Armour
 16843 | Lair:5   | Reached skill level 15 in Axes
 17013 | Lair:5   | Found a staircase to the Slime Pits.
 17020 | Lair:5   | Found a viscous altar of Jiyva.
 17211 | Lair:5   | Reached skill level 5 in Dodging
 17667 | Lair:6   | Entered Level 6 of the Lair of Beasts
 17759 | Lair:6   | HP: 7/175 [elephant (4)]
 17761 | Lair:6   | Slain by a five-headed hydra

Illustrated notes

Levels and vault maps discovered:
D:1:      wander_arrival_lonely_grave, layout_basic,
          hangedman_abyss_or_decor_lesser_grid
D:2:      layout_rooms, kiku_gazebo_pond_becter, uniq_robin
D:3:      layout_loops_ring, ebering_ghost_disaster_area, palyth_stone_intersect
D:4:      layout_rooms, uniq_duvessa
D:5:      layout_loops_ring, kennysheep_path_1, nemelex_dance_club_becter
D:6:      layout_cave_pools, minmay_temple_entry_mini_moons,
          portal_sewer_entry_c, ebering_ghost_inner_flame
D:7:      layout_gridville, lemuel_doored_altar, guppyfry_early_elven_hall
D:8:      layout_basic, minmay_gold_behind_fungi, uniq_harold, uniq_erica,
          uniq_psyche, uniq_joseph
D:9:      layout_irregular_city, gammafunk_temple_overflow_wave, orc_0_dummy
D:10:     layout_roguey, minmay_lair_entry_grove, gammafunk_ghost_hydra_chop,
          uniq_josephine
D:11:     layout_roguey, serial_shops, shop
D:12:     layout_irregular_city, nicolae_trove_entry_crossroad,
          hangedman_decor_riveting
D:13:     layout_loops_ring, serial_shops, nicolae_shop_crystal
Lair:1:   minmay_guarded_unrand_snakebite, layout_long_grid,
          minmay_lair_oklob_chamber
Lair:2:   layout_regular_city, shoals_dummy_entry,
          nicolae_volcano_entry_lava_flow, serial_bayou, serial_bayou_lake_a,
          serial_bayou_lagoon_a, serial_bayou_pond_c, serial_bayou_pond_a,
          serial_bayou_pond_c, serial_bayou_shore_b,
          hellmonk_ghost_happy_afterlife
Lair:3:   layout_hall_layers, bobbens_dragon_lair_wall, lemuel_fruit_tree,
          infiniplex_staircase_pool
Lair:4:   layout_regular_city, spider_nest_entry_a
Lair:5:   layout_gridlike, slime_altar_1, kennysheep_abandoned_house
Lair:6:   hangedman_lair_caniforms_friends, layout_misc_corridors,
          serial_bayou_crossing

Skill      XL: |  1  2  3  4  5  6  7  8  9 10 11 12 13 |
---------------+----------------------------------------+-----
Axes           | 4 5 6 8 10 11 12 13 14 15 | 15.4
Fighting       | 4 5 6 7 8 9 10 11 | 11.6
Armour         | 3 4 5 7 9 10 12 14 15 | 15.3
Dodging        | 3 4 5 |  5.2
Shields        | 3 6 8 9 10 | 10.6
Evocations     | 2 3 5 6 7 |  7.0
Stealth        | 1 |  1.1

Action                   |  1- 3 |  4- 6 |  7- 9 | 10-12 | 13-15 || total
-------------------------+-------+-------+-------+-------+-------++-------
Melee: Hand axe          |    95 |   122 |   280 |       |       ||   497
       Headbutt          |    13 |    26 |    55 |   123 |    43 ||   260
       War axe           |       |       |    31 |   273 |       ||   304
       Battleaxe         |       |       |       |   315 |    96 ||   411
       Great mace        |       |       |       |     8 |       ||     8
       Executioner's axe |       |       |       |       |   111 ||   111
Throw: Throwing net      |     1 |       |       |       |       ||     1
Invok: Berserk           |     1 |     2 |    10 |    17 |     3 ||    33
       Trog's Hand       |     1 |       |     1 |     5 |     3 ||    10
       Brothers in Arms  |       |       |     1 |     3 |     2 ||     6
 Abil: Evoke Invisibilit |       |       |       |     2 |       ||     2
Evoke: Wand              |       |       |     2 |     5 |       ||     7
  Use: Scroll            |     2 |       |     9 |    14 |    11 ||    36
       Potion            |       |       |       |     3 |     5 ||     8
Armor: Animal skin       |     7 |       |       |       |       ||     7
       Leather armour    |     6 |       |       |       |       ||     6
       Ring mail         |    14 |     2 |       |       |       ||    16
       Plate armour      |       |    65 |   191 |   369 |   144 ||   769
Dodge: Dodged            |    58 |    42 |   105 |   248 |   134 ||   587
Block: Kite shield       |       |       |    31 |   140 |       ||   171

Table legend: (Time is in decaauts)
 A = Elapsed time spent in this place.
 B = Non-inter-level travel time spent in this place.
 C = Inter-level travel time spent in this place.
 D = Time resting spent in this place.
 E = Time spent auto-exploring this place.
 F = Levels seen in this place.
 G = Mean time per level.
                   A        B        C        D        E       F      G
               +--------+--------+--------+--------+--------+-----+--------+
         Total |  18083 |  11767 |   6316 |   2766 |   5150 |  21 |  861.1 |
       Dungeon |  10582 |   6232 |   4350 |   1000 |   2822 |  13 |  814.0 |
          Lair |   7097 |   5131 |   1966 |   1695 |   2328 |   6 | 1182.8 |
         Sewer |    167 |    167 |      0 |      0 |      0 |   1 |  167.0 |
       Volcano |    236 |    236 |      0 |     70 |      0 |   1 |  236.0 |
               +--------+--------+--------+--------+--------+-----+--------+

Top non-repeatable levels by time:
  Lair:2: 2053 daAuts
  Lair:1: 1561 daAuts
  Lair:4: 1216 daAuts
     D:3: 1206 daAuts
  Lair:5: 1189 daAuts
    D:10: 1189 daAuts
     D:9: 1151 daAuts
     D:5: 1137 daAuts
    D:11: 1053 daAuts
  Lair:3: 981 daAuts
     D:7: 949 daAuts
     D:1: 943 daAuts
     D:8: 890 daAuts
     D:6: 770 daAuts
     D:2: 494 daAuts
